Map: Ley Lines

Players

Fairespiter

  • Race: Protoss Protoss
  • League: Master
  • Spawn Location: 7:00

IA (Muy fácil) 1 - Winner!

  • Race: Zerg Zerg
  • Spawn Location: 1:00

VOD

Have the link to the VOD?

Description

Time

  • Played on: Nov. 24, 2025, 4:53 p.m.
  • Length: 10:29
Show
View Real Time Build Order
Export as new Build Order

Fairespiter Protoss 

Build Orders: 1 Gate Expand, Oracle Opening, Archon Immortal 

Get SALT Encoding   

  6  0:00  Probe  
  13  0:12  Probe  
  14  0:19  Pylon  
  14  0:24  Probe  
  15  0:33  Probe  
  15  0:39  Gateway  
  15  0:42  Probe  
  16  0:47  Assimilator  
  17  0:51  Probe  
  18  1:03  Probe  
  19  1:15  Probe  
  20  1:24  Nexus  
  20  1:33  Cybernetics Core  
  20  1:37  Probe  
  21  1:43  Assimilator  
  21  1:49  Probe  
  21  1:53  Pylon  
  22  1:58  Probe  
  22  2:02  Adept  
  22  2:07  Probe  
  23  2:15  Stargate  
  26  2:17  Probe  
  27  2:25  Warp Gate  
  27  2:29  Probe  
  28  2:31  Probe  
  28  2:32  Adept  
  31  2:39  Probe  
  31  2:41  Probe  
  33  2:50  Probe  
  33  2:52  Oracle  
  33  2:53  Probe  
  38  3:02  Probe  
  39  3:07  Probe  
  39  3:08  Gateway  
  40  3:14  Probe  
  40  3:16  Pylon  
  40  3:19  Probe  
  42  3:26  Probe  
  43  3:31  Probe  
  44  3:34  Oracle  
  44  3:36  Nexus  
  44  3:38  Probe  
  45  3:43  Probe  
  49  3:50  Probe  
  49  3:53  Shield Battery  
  49  3:55  Probe  
  51  3:59  Assimilator x2  
  51  4:02  Pylon  
  51  4:05  Probe  
  51  4:09  Probe  
  54  4:17  Probe  
  54  4:18  Pylon  
  54  4:20  Adept x2  
  54  4:21  Probe  
  54  4:23  Twilight Council  
  59  4:28  Probe  
  60  4:33  Probe, Forge  
  60  4:36  Probe  
  61  4:41  Adept  
  61  4:45  Probe x3  
  64  4:48  Protoss Ground Weapons Level 1  
  64  4:50  Stalker  
  69  4:54  Gateway  
  69  4:57  Gateway, Blink  
  69  4:58  Probe  
  69  4:59  Probe  
  70  5:00  Probe  
  72  5:10  Probe  
  73  5:15  Stalker  
  73  5:16  Probe  
  73  5:17  Probe  
  73  5:21  Stalker  
  79  5:22  Probe  
  80  5:29  Templar Archives, Pylon  
  80  5:30  Probe  
  80  5:31  Probe  
  80  5:34  Probe  
  83  5:39  Pylon  
  83  5:42  Stalker  
  85  5:47  Psionic Storm, Probe x3, Stalker  
  90  5:52  Assimilator  
  90  5:53  Stalker, Assimilator  
  92  5:58  Stalker, Pylon  
  95  6:04  Probe x2  
  95  6:08  Stalker  
  98  6:12  Protoss Ground Weapons Level 2  
  98  6:15  Stalker  
  98  6:16  Stalker  
  102  6:27  Stalker  
  102  6:29  Nexus  
  102  6:31  Pylon  
  104  6:35  Stalker  
  106  6:42  Stalker  
  106  6:46  Pylon  
  108  6:48  Pylon  
  108  6:49  Probe x3  
  111  6:57  High Templar x2  
  111  6:58  Charge  
  115  7:02  Photon Cannon  
  115  7:07  High Templar  
  115  7:08  High Templar  
  119  7:09  Photon Cannon  
  119  7:10  Shield Battery  
  119  7:11  Gateway x2  
  119  7:14  Gateway x2  
  119  7:15  Probe x3  
  122  7:27  Probe x3  
  125  7:31  Stalker x2  
  129  7:39  Pylon  
  129  7:40  Robotics Facility  
  129  7:42  Pylon  
  130  7:44  Probe x2, Robotics Facility  
  130  7:45  Probe x2  
  130  7:48  High Templar x2  
  137  7:56  Probe x2  
  137  7:57  Probe x2, Pylon  
  141  7:59  Assimilator  
  141  8:00  Assimilator  
  141  8:07  High Templar x2, Zealot x2  
  141  8:12  Archon  
  153  8:16  Immortal  
  153  8:17  Probe  
  150  8:20  High Templar x2, Immortal  
  150  8:24  Pylon  
  150  8:25  Zealot x2  
  150  8:26  Archon  
  158  8:27  Photon Cannon  
  158  8:29  Photon Cannon  
  158  8:30  Photon Cannon  
  166  8:34  Zealot x2  
  166  8:37  Pylon  
  166  8:38  Pylon  
  170  8:42  High Templar  
  170  8:43  High Templar  
  170  8:48  Immortal, Archon  
  174  8:52  Immortal  
  174  8:53  Pylon  
  174  8:54  Zealot  
  174  8:55  Zealot x2  
  180  9:00  Pylon  
  188  9:04  Nexus, Pylon  
  188  9:07  Probe  
  188  9:08  Probe x3  
  188  9:09  High Templar  
  194  9:10  High Templar  
  194  9:14  Archon  
  196  9:20  Probe  
  196  9:21  Probe x2  
  196  9:22  Photon Cannon  
  199  9:25  Photon Cannon  
  199  9:27  Shield Battery  
  199  9:30  Photon Cannon  
  199  9:54  Fleet Beacon  
  199  9:55  Assimilator  
  199  9:56  Stargate  
  199  9:59  Stargate  
  199  10:00  Assimilator  
  199  10:04  Photon Cannon  
  199  10:05  Photon Cannon  
  199  10:10  Pylon  
  199  10:12  Photon Cannon  
  199  10:17  Shield Battery  
  199  10:18  Photon Cannon  
  199  10:19  Photon Cannon  
  199  10:20  Photon Cannon  
Show
View Real Time Build Order
Export as new Build Order

IA (Muy fácil) 1 Zerg - Winner!

Build Orders: Pool First 

Get SALT Encoding   

  6  0:01  Drone  
  13  0:13  Overlord  
  13  0:16  Drone  
  14  0:35  Spawning Pool  
  13  0:37  Extractor  
  13  0:40  Drone  
  13  0:47  Drone  
  14  0:53  Overlord  
  14  1:22  Zergling x2  
  14  1:23  Queen  
  17  1:35  Roach Warren  
  17  1:36  Drone  
  17  1:39  Zergling x2  
  18  1:41  Extractor  
  18  1:46  Drone  
  18  1:56  Zergling x2  
  18  1:58  Drone  
  20  2:08  Drone  
  21  2:19  Drone  
  23  2:30  Drone, Overlord  
  24  2:37  Drone  
  25  2:44  Drone  
  25  3:22  Drone  
  25  5:13  Zergling x2  
  25  5:20  Queen  
  23  5:31  Zergling x2  
  23  5:38  Drone  
  24  5:46  Drone  
  24  5:47  Overlord  
  25  5:53  Drone  
  26  5:58  Lair  
  26  6:00  Drone, Roach  
  29  6:07  Drone  
  30  6:14  Drone  
  31  6:28  Zergling x2  
  32  6:57  Overseer x2  
  32  7:08  Ravager  
  32  7:09  Roach  
  34  7:26  Hatchery  
  34  7:27  Drone  
  33  8:39  Drone  
  34  8:46  Drone  
  35  8:49  Overseer  
  35  8:50  Extractor  
  35  8:52  Extractor  
  35  8:53  Drone  
  34  9:01  Drone  
  35  9:08  Drone  
  36  9:15  Drone  
  37  9:17  Overlord  
  37  9:23  Drone  
  38  9:30  Drone  
  39  9:37  Drone  
  40  9:44  Drone  
  41  9:51  Drone  
  42  9:59  Drone  
  43  10:06  Drone  
  44  10:13  Drone  
Tags
 
Add a new tag
Caveats
  • Supply blocks, unpowered buildings, or Contaminate may cause inaccurate times.
  • Supply counts are checked every 10 seconds.